 Dungeon Crawl Stone Soup version 0.16-a0-3552-ge2e736f (webtiles) character file.

275 Minkie the Cudgeler (level 6, -1/51 HPs)
             Began as a Minotaur Fighter on Jan 9, 2015.
             Was an Initiate of Okawaru.
             Slain by Prince Ribbit (13 damage)
             ... on level 4 of the Dungeon.
             The game lasted 00:08:20 (2509 turns).

Minkie the Cudgeler (Minotaur Fighter)              Turns: 2509, Time: 00:08:20

Health: -1/51      AC:  9    Str: 20    XL:     6   Next: 3%
Magic:  3/3        EV:  5    Int:  5    God:    Okawaru [......]
Gold:   197        SH:  9    Dex: 12    Spells: 0 memorised, 5 levels left

rFire  . . .     SeeInvis .     v - +0 flail (crush)
rCold  . . .     Clarity  .     u - +0 chain mail
rNeg   . . .     SustAb   .     c - +0 shield
rPois  .         Gourm    .     (helmet restricted)
rElec  .         Spirit   .     (no cloak)
rCorr  .         Warding  .     (no gloves)
rMut   .         Stasis   .     (no boots)
MR     .....                    (no amulet)
Stlth  ..........               (no ring)
                                (no ring)

@: not resistant to hostile enchantments, extremely unstealthy
A: retaliatory headbutt, horns 2
a: Renounce Religion


You were on level 4 of the Dungeon.
You worshipped Okawaru.
Okawaru was noncommittal.
You were not hungry.

You visited 1 branch of the dungeon, and saw 4 of its levels.

You collected 197 gold pieces.

Inventory:

Hand weapons
 v - a +0 flail of crushing (weapon)
Armour
 c - a +0 shield (worn)
 u - a +0 chain mail (worn)
Jewellery
 a - an uncursed ring of wizardry {unknown}
 s - an uncursed ring of ice
Scrolls
 f - 2 scrolls of blinking {unknown}
 g - a scroll of teleportation {unknown}
 l - 2 scrolls of identify
 m - 2 scrolls of enchant armour {unknown}
 n - 4 scrolls of remove curse {unknown}
Potions
 e - a potion of might
 h - 4 potions of curing
 i - a potion of restore abilities
 o - a potion of agility {unknown}
 p - a potion of brilliance {unknown}
 q - 2 potions of cure mutation
 t - a potion of poison {unknown}
 w - a potion of heal wounds {unknown}
Comestibles
 b - 3 chunks of flesh
 d - 4 bread rations
 j - 2 meat rations
 k - 4 fruits
 r - a beef jerky


   Skills:
 - Level 3.6 Fighting
 + Level 7.7 Maces & Flails
 - Level 3.6 Armour
 - Level 3.6 Shields


You had 5 spell levels left.
You didn't know any spells.

Dungeon Overview and Level Annotations

Branches:
Dungeon (4/15)
 Temple: D:4-7

Altars:
Okawaru

Annotations:
D:3 binmo's ghost, average HuBe
D:4 Prince Ribbit


Innate Abilities, Weirdness & Mutations

You reflexively headbutt those who attack you in melee.
You have a pair of horns on your head.


Message History

You miss Prince Ribbit. Your headbutt misses Prince Ribbit.
Prince Ribbit is lightly wounded.
Prince Ribbit hops awkwardly around.
Prince Ribbit hits you but does no damage.
You miss Prince Ribbit.
Prince Ribbit is lightly wounded.
Prince Ribbit blinks!
Prince Ribbit croaks regally.
Prince Ribbit hits you.
Prince Ribbit blinks!
Prince Ribbit blinks!
You block Prince Ribbit's attack.
You thump Prince Ribbit! Your headbutt misses Prince Ribbit.
Prince Ribbit is heavily wounded.
Prince Ribbit barely misses you. Prince Ribbit hits you!
* * * LOW HITPOINT WARNING * * *
You miss Prince Ribbit.
Prince Ribbit is heavily wounded.
Prince Ribbit hits you!
You die...

.....%..####...#.#######........#
........+...................<...+
........####...#.#######.#...####
....... ##.##.## #.##.### # .....
###...# #......### ... ##.##
######.#.. #'# #.# #.#.# #.# #F#
#.#.# #.# #@# #.#.# ##.## #.#
#.... ##..F## #.# ###.# #.....#
#.# #.# ##...###########.# #.#
.^...).......F§..# #..
################## ###


You could see Prince Ribbit.

Vanquished Creatures
  Sigmund (D:2)
  A worker ant (D:3)
  Ijyb (D:2)
  Jessica (D:2)
  A gnoll (D:2)
  2 adders (D:2)
  A giant mite (D:2)
  4 worms
  2 giant geckos
  2 oozes
  7 orcs
  5 bats
  A bat skeleton (D:4)
  5 giant cockroaches
  9 hobgoblins
  7 jackals
  15 kobolds
  A quokka (D:2)
  3 ball pythons
  4 giant newts
  5 goblins
  8 rats
86 creatures vanquished.

Notes
Turn   | Place    | Note
--------------------------------------------------------------
     0 | D:1      | Minkie, the Minotaur Fighter, began the quest for the Orb.
     0 | D:1      | Reached XP level 1. HP: 19/19 MP: 1/1
    39 | D:1      | Reached XP level 2. HP: 17/26 MP: 1/1
   479 | D:1      | Reached skill level 4 in Maces & Flails
   696 | D:1      | Reached XP level 3. HP: 20/31 MP: 2/2
  1218 | D:2      | Reached skill level 5 in Maces & Flails
  1260 | D:2      | Noticed Ijyb
  1266 | D:2      | Killed Ijyb
  1266 | D:2      | Reached XP level 4. HP: 39/39 MP: 2/2
  1314 | D:2      | Noticed Sigmund
  1325 | D:2      | Killed Sigmund
  1325 | D:2      | Reached skill level 6 in Maces & Flails
  1325 | D:2      | Reached XP level 5. HP: 16/45 MP: 2/2
  1669 | D:2      | Found an iron altar of Okawaru.
  1713 | D:2      | Became a worshipper of Warmaster Okawaru
  1833 | D:2      | Noticed Jessica
  1841 | D:2      | Killed Jessica
  1841 | D:2      | Reached skill level 7 in Maces & Flails
  2159 | D:3      | Reached XP level 6. HP: 51/51 MP: 3/3
  2246 | D:3      | Noticed binmo's ghost (average HuBe)
  2453 | D:4      | Noticed Prince Ribbit
  2509 | D:4      | Slain by Prince Ribbit

Action                   |  1- 3 |  4- 6 || total
-------------------------+-------+-------++-------
Melee: Flail             |   120 |   107 ||   227
  Use: Scroll            |       |     4 ||     4
  Eat: Chunk             |     1 |     4 ||     5
